 Dungeon Crawl Stone Soup version 0.32-a0-306-gfed3edf829 (webtiles) character file.

Game seed: 12840602502867272494

169 holysushi the Slasher (level 5, -3/41 HPs)
             Began as a Demonspawn Delver on Feb 14, 2024.
             Killed by nerve-wracking pain
             ... invoked by Grinder
              (8 damage)
             ... on level 3 of the Dungeon.
             The game lasted 00:07:30 (2575 turns).

holysushi the Slasher (Demonspawn Delver)           Turns: 2575, Time: 00:07:31

Health: -3/41      AC:  4    Str: 12    XL:     5   Next: 25%
Magic:  14/14      EV: 12    Int: 15    God:
Gold:   213        SH:  0    Dex: 16    Spells: 4/4 levels left

rFire   + . .        a - +0 falchion
rCold   + . .        (no shield)
rNeg    . . .        o - +0 leather armour
rPois   +            (no helmet)
rElec   +            (no cloak)
rCorr   +            m - +0 pair of gloves
SInv    .            (no boots)
Will    +....        (no amulet)
Stlth   +++          i - ring of magical power
HPRegen 0.26/turn    (no ring)
MPRegen 0.14/turn

%: no passive effects
@: resistant, enlightened, flying
A: foul stench 1, big brain 2
a: no special abilities


You were on level 3 of the Dungeon.
You visited 1 branch of the dungeon, and saw 5 of its levels.

You collected 213 gold pieces.

Inventory:

Hand Weapons
 a - a +0 falchion (weapon)
 b - a +0 sling
Missiles
 r - 2 atropa-tipped darts (quivered)
Armour
 m - a +0 pair of gloves (worn)
 o - a +0 leather armour (worn)
Magical Staves
 v - a staff of conjuration
Jewellery
 i - a ring of magical power (left hand)
 p - a ring of ice
Wands
 g - a wand of digging (3)
 u - a wand of iceblast (6)
Scrolls
 c - a scroll of fog
 d - a scroll of revelation
 e - a scroll of fear
 h - a scroll of immolation
 j - a scroll of enchant armour {unknown}
 k - 3 scrolls of amnesia
 s - a scroll of brand weapon {unknown}
 t - a scroll of blinking {unknown}
Potions
 f - a potion of haste
 l - a potion of enlightenment


   Skills:
 - Level 3.0 Fighting
 - Level 4.7 Long Blades
 - Level 1.8 Dodging
 - Level 4.5 Stealth
 + Level 1.0 Evocations


You had 4 spell levels left.
You didn't know any spells.
Your spell library contained the following spells:

 Spells                   Type           Power      Damage    Failure   Level
 Dazzling Flash           Conj/Hex       0%         N/A       71%         3
 Volatile Blastmotes      Fire/Tloc      0%         2d10      71%         3
 Starburst                Conj/Fire      0%         6d3       100%        6
 Maxwell's Capacitive Co  Air            0%         ∞         100%        8


Dungeon Overview and Level Annotations

Branches:
Dungeon (5/15) Zot: 24849
 Temple: D:4-7

Altars:
Cheibriados

Annotations:
D:3 exclusion: 3 doors, Grinder, Sigmund, Terence


Innate Abilities, Weirdness & Mutations

You may rarely emit foul miasma when damaged in melee.
You have an extremely huge brain. (Int +4)


Message History

You kill the orc!
You hear a shout! x2; You hear a bark!
Your Evocations skill increases to level 1!
You closely miss Grinder.
Grinder is severely wounded.
Grinder hits you!
You writhe in agony.
An orc comes into view. It is wielding a +0 flail.
Grinder hits you but does no damage.
You slash Grinder!
Grinder is almost dead.
Grinder gestures at you.
You suddenly lose the ability to move!
Grinder blinks!
The orc hits you but does no damage.
You can move again.
Okay, then.
You feel very buoyant.
You fly up into the air.
The orc hits you with a +0 flail.
You closely miss Grinder.
Grinder is almost dead.
Grinder hits you.
You writhe in agony.
The orc barely misses you.
You closely miss Grinder.
Grinder is almost dead.
The orc hits you with a +0 flail. Grinder hits you but does no damage.
You barely miss Grinder.
Grinder is almost dead.
The orc barely misses you. Grinder closely misses you.
You barely miss Grinder.
Grinder is severely wounded.
The orc hits you with a +0 flail. Grinder hits you!
* * * LOW HITPOINT WARNING * * *
You writhe in agony.
* * * LOW HITPOINT WARNING * * *
It was a potion of resistance.
You feel protected.
Grinder rolls her eyes.
Grinder gestures at you. Pain shoots through your body!
You die...
Grinder says, "Hey, I wasn't done torturing you yet!"

.......
.........#.#.##.#######
.....K..
.............#.......#
b.........#.#.#####.#
........ #.#.# #..#
.....#.##.#.## #..ß
.)..........# #...
#.##..##.#..# #...
#o##..##.#..# ##++
#@##..##>#..# #...
#5##..##.#..# #...
#.##.....#..# #...
##'##.#......###...
..####...#..........#..B
.......<.....###..#.####
........................
.......#.#.)...........#
########..........#.....


You could see Grinder and an orc.

Vanquished Creatures
  2 adders (D:3)
  2 ribbon worms (D:2)
  2 dart slugs (D:1)
  5 orcs (D:3)
  4 ball pythons
  6 bats
  6 endoplasms
  A giant cockroach (D:3)
  11 goblins
  4 hobgoblins
  11 jackals
  3 quokkas
  3 frilled lizards
  9 kobolds
  8 rats
77 creatures vanquished.

Notes
Turn   | Place    | Note
-------+----------+-------------------------------------------
     0 | D:5      | holysushi the Demonspawn Delver began the quest for the
                  | Orb.
     0 | D:5      | Reached XP level 1. HP: 18/18 MP: 1/1
    25 | D:5      | Noticed a jelly
    31 | D:5      | Noticed an iguana
    89 | D:5      | Noticed a sleepcap
    93 | D:4      | Noticed a hound
   107 | D:3      | Noticed Sigmund
   124 | D:3      | Found a snail-covered altar of Cheibriados.
   124 | D:3      | Noticed a bombardier beetle
   313 | D:3      | Noticed Terence
   336 | D:3      | Gained mutation: You have an unusually large brain. (Int
                  | +2) [demonic ancestry]
   336 | D:3      | Reached XP level 2. HP: 18/24 MP: 2/2
   536 | D:1      | Reached XP level 3. HP: 29/29 MP: 3/3
   976 | D:1      | Gained mutation: You may rarely emit foul miasma when
                  | damaged in melee. [demonic ancestry]
   976 | D:1      | Reached XP level 4. HP: 35/35 MP: 4/4
   982 | D:1      | Found a faded altar of an unknown god.
  2469 | D:3      | Gained mutation: You have an extremely huge brain. (Int +4)
                  | [demonic ancestry]
  2469 | D:3      | Reached XP level 5. HP: 41/41 MP: 5/5
  2476 | D:3      | Noticed Grinder
  2565 | D:3      | Reached skill level 1 in Evocations
  2566 | D:3      | Paralysed by Grinder for 4 turns
  2575 | D:3      | Killed from afar by Grinder

Illustrated notes

Levels and vault maps discovered:
D:1:      dpeg_arrival_more_subterranean_lakeside_camping, layout_basic,
          ebering_ecumenical_altar_box, minmay_surrounded
D:2:      minmay_skewed_foursquare, layout_rooms
D:3:      layout_basic, slow_altar_2, minmay_ruptured, uniq_sigmund,
          uniq_terence, uniq_grinder
D:4:      layout_loops_ring, grunt_temple_overflow_diamond,
          grunt_temple_overflow_champion_of_chaos,
          ashenzari_conservatory_becter, minmay_temple_entry_glass,
          kennysheep_small_square
D:5:      layout_basic, nicolae_ru_awakened_eye

Skill      XL: |  1  2  3  4  5 |
---------------+----------------+-----
Long Blades    | 2 3 4 |  4.7
Evocations     | 1 |  1.0
Fighting       | |  3.0
Dodging        | |  1.8
Stealth        | |  4.5

Action                     |  1- 3 |  4- 6 || total
---------------------------+-------+-------++-------
  Melee: Falchion          |   110 |   132 ||   242
   Fire: Sling             |       |     3 ||     3
  Evoke: Wand              |       |     5 ||     5
    Use: Scroll            |       |     5 ||     5
         Potion            |       |     2 ||     2
   Stab: Sleeping          |     4 |     4 ||     8
         Distracted        |     1 |       ||     1
 Armour: Leather armour    |    82 |    70 ||   152
  Dodge: Dodged            |    89 |    87 ||   176

Table legend: (Time is in decaauts)
 A = Elapsed time spent in this place.
 B = Non-inter-level travel time spent in this place.
 C = Inter-level travel time spent in this place.
 D = Time resting spent in this place.
 E = Time spent auto-exploring this place.
 F = Levels seen in this place.
 G = Mean time per level.
                   A        B        C        D        E       F      G
               +--------+--------+--------+--------+--------+-----+--------+
         Total |   2605 |   2525 |     80 |    528 |    874 |   5 |  521.0 |
       Dungeon |   2605 |   2525 |     80 |    528 |    874 |   5 |  521.0 |
               +--------+--------+--------+--------+--------+-----+--------+

Top non-repeatable levels by time:
     D:2: 904 daAuts
     D:3: 875 daAuts
     D:1: 721 daAuts
     D:5: 92 daAuts
     D:4: 12 daAuts
